 Dungeon Sprint DCSS version 0.28-a0-1190-g77e1c55843 (webtiles) character file.

Game seed: 8810651502708983540

6382 Garessta the Fighter (level 10, -1/180 HPs)
             Began as a Demonspawn Fighter on Dec 18, 2021.
             Was the Champion of Qazlal.
             Slain by a wendigo (24 damage)
             ... while paralysed by a wendigo
             ... in the Dungeon (Sprint V: "Ziggurat Sprint").
             The game lasted 00:11:23 (487 turns).

Garessta the Fighter (Demonspawn Fighter)            Turns: 487, Time: 00:11:23

Health: -1/180     AC: 32    Str: 33    XL:     10   Next: 65%
Magic:  0/18       EV:  2    Int:  9    God:    Qazlal [******]
Gold:   0          SH:  0    Dex: 21    Spells: 9/9 levels left

rFire   . . .      SeeInvis +   F - +14 obsidian axe {vorpal, Mesm Drain Fly SInv}
rCold   . . .      Faith    .   H - +18 shield of the Gong {rElec rN+ Will+ EV-5}
rNeg    + . .      Spirit   +   G - +15 Maxwell's patent armour {-Cast -Tele rElec Will+ rCorr}
rPois   .          Reflect  .   W - +2 hat of the Bear Spirit {Spirit, *Rage Will++}
rElec   +          Harm     .   (no cloak)
rCorr   +          Rampage  .   (no gloves)
Will    ++++.      Rage     20% (no boots)
Stlth   .......... NoTele   +   T - amulet of the Furies {Acrobat Dex+8}
HPRegen 4.40/turn  NoCast   +   x - +6 ring of strength
MPRegen 0.16/turn               y - +6 ring of strength

@: paralysed, berserking, flying, mesmerised, repel missiles
A: hooves 2, powered by death 1, condensation shield
a: Renounce Religion, Upheaval, Elemental Force, Disaster Area


You were in the Dungeon.
You worshipped Qazlal.
Qazlal was exalted by your worship.
You visited 1 branch

Inventory:

Hand Weapons
 a - a +0 war axe
 n - the +7 Singing Sword {vorpal, sonic wave}
   (You found it in the Dungeon)

   It inflicts extra damage upon your enemies.
   It radiates damaging sonic waves as it strikes, especially in combat
   involving dangerous or numerous foes.
 C - the +13 scythe of Curses {drain, Drain}
   (You found it in the Dungeon)

   A truly terrible weapon, it drains the life of any living foe it strikes.
   It inflicts powerful necromantic curses on any living foe it strikes.
   Drain:     It drains your maximum health when unequipped.
 D - the +5 sword of Power {vorpal}
   (You found it in the Dungeon)

   It inflicts extra damage upon your enemies.
   It occasionally discharges a powerful but inaccurate bolt of energy upon
   striking a foe, with increased chance the greater the wielder's current
   health.
 E - the +9 sword of Zonguldrok {reap}
   (You found it in the Dungeon)

   Any living foe damaged by it may be reanimated upon death as a zombie
   friendly to the wielder, with an increasing chance as more damage is dealt.
 F - the +14 obsidian axe (weapon) {vorpal, Mesm Drain Fly SInv}
   (You found it in the Dungeon)

   It inflicts extra damage upon your enemies.
   It occasionally summons demons to assist the wielder when it strikes in
   combat.
   Its wielder is mesmerised by any visible foes.
   It cannot be unequipped while any foes are visible.
   SInv:      It lets you see invisible.
   Fly:       It grants you flight.
   Drain:     It drains your maximum health when unequipped.
 L - a +5 executioner's axe
 P - the +7 lajatang of Order {silver, rMut}
   (You found it in the Dungeon)

   It inflicts extra damage upon those it strikes, and deals substantially
   increased damage to chaotic, mutated and magically transformed beings.
   rMut:      It protects you from mutation.
 S - the +9 hand axe "Meruppu Geto" {speed, rCorr}
   (You found it in the Dungeon)

   Attacks with this weapon are significantly faster.
   rCorr:     It protects you from acid and corrosion.
Armour
 b - a +0 scale mail
 c - a +0 buckler
 G - the +15 Maxwell's patent armour (worn) {-Cast -Tele rElec Will+ rCorr}
   (You found it in the Dungeon)

   rElec:     It insulates you from electricity.
   -Cast:     It prevents spellcasting.
   -Tele:     It prevents most forms of teleportation.
   rCorr:     It protects you from acid and corrosion.
   Will:      It increases your willpower.
 H - the +18 shield of the Gong (worn) {rElec rN+ Will+ EV-5}
   (You found it in the Dungeon)

   It is deafeningly noisy when blocking attacks.
   EV:        It affects your evasion (-5).
   rElec:     It insulates you from electricity.
   rN:        It protects you from negative energy.
   Will:      It increases your willpower.
 I - a +5 crystal plate armour
 J - +5 gold dragon scales
 K - a +3 tower shield
 W - the +2 hat of the Bear Spirit (worn) {Spirit, *Rage Will++}
   (You found it in the Dungeon)

   Going berserk makes the wearer tougher, and they're slowed less afterward.
   *Rage:     It berserks you when you make melee attacks (+20% chance).
   Will:      It greatly increases your willpower.
 X - the +3 ring mail "Ogynisk" {Dex+4}
   (You found it in the Dungeon)

   Dex:       It affects your dexterity (+4).
 Y - the +1 leather armour "Minex" {Str+4 Slay+3}
   (You found it in the Dungeon)

   Str:       It affects your strength (+4).
   Slay:      It affects your accuracy & damage with ranged weapons and melee
   (+3).
Jewellery
 s - a ring of flight
 t - a +6 ring of dexterity
 u - a +6 ring of dexterity
 v - a +6 ring of intelligence
 w - a +6 ring of intelligence
 x - a +6 ring of strength (left hand)
 y - a +6 ring of strength (right hand)
 M - a ring of wizardry
 Q - a +4 ring of protection
 R - a ring of ice
 T - the amulet of the Furies (around neck) {Acrobat Dex+8}
   (You found it in the Dungeon)

   [amulet of the acrobat]

   It increases your evasion while moving and waiting.
   Dex:       It affects your dexterity (+8).
 U - an amulet of faith
 V - the ring "Votheosa" {rPois rN+ Int-3 Stlth+}
   (You found it in the Dungeon)

   [ring of positive energy]

   Int:       It affects your intelligence (-3).
   rPois:     It protects you from poison.
   rN:        It protects you from negative energy.
   Stlth:     It makes you more stealthy.
Wands
 z - a wand of mindburst (7)
 A - a wand of iceblast (7)
 B - a wand of acid (7)
Scrolls
 j - 4 scrolls of blinking
 o - 4 scrolls of amnesia
 p - 7 scrolls of fog
 q - 5 scrolls of identify
 r - 2 scrolls of fear
 O - 3 scrolls of brand weapon
Potions
 d - 6 potions of might
 e - 10 potions of curing
 f - 9 potions of heal wounds
 g - 10 potions of haste
 h - 7 potions of magic
 i - 3 potions of berserk rage
 k - 2 potions of brilliance
 l - 2 potions of invisibility
 m - 4 potions of resistance
Miscellaneous
 N - a box of beasts


   Skills:
 + Level 12.5 Fighting
 + Level 11.7 Axes
 - Level 2.2(2.6) Slings
 - Level 2.2(2.6) Throwing
 + Level 11.3 Armour
 + Level 11.3 Shields
 * Level 11.8 Invocations


You had 9 spell levels left.
You didn't know any spells.
Your spell library contained the following spells:

 Spells                   Type           Power      Damage    Failure   Level
 Magic Dart               Conj           0%         1d3       98%         1
 Shock                    Conj/Air       0%         1d3       98%         1
 Corpse Rot               Necr/Air       0%         N/A       99%         2
 Searing Ray              Conj           0%         2d4       99%         2
 Dazzling Flash           Conj/Hex       0%         N/A       100%        3
 Ozocubu's Armour         Ice            0%         N/A       100%        3
 Summon Guardian Golem    Hex/Summ       0%         N/A       100%        3
 Swiftness                Air            0%         N/A       100%        3
 Airstrike                Air            0%         N/A       100%        4
 Dispel Undead            Necr           0%         3d6       100%        4
 Fulminant Prism          Conj/Hex       0%         3d6       100%        4
 Iskenderun's Mystic Bla  Conj/Tloc      0%         2d3       100%        4
 Leda's Liquefaction      Hex/Erth       0%         N/A       100%        4
 Petrify                  Tmut/Erth      0%         N/A       100%        4
 Sticky Flame             Conj/Fire      0%         2d3       100%        4
 Fireball                 Conj/Fire      0%         3d3       100%        5
 Manifold Assault         Tloc           0%         N/A       100%        5
 Metabolic Englaciation   Hex/Ice        0%         N/A       100%        5
 Death Channel            Necr           0%         N/A       100%        6
 Iron Shot                Conj/Erth      0%         9d1       100%        6
 Starburst                Conj/Fire      0%         6d3       100%        6
 Statue Form              Tmut/Erth      0%         N/A       100%        6
 Orb of Destruction       Conj           0%         N/A       100%        7
 Ozocubu's Refrigeration  Ice            0%         4d5       100%        7
 Spellforged Servitor     Conj/Summ      0%         N/A       100%        7
 Lehudib's Crystal Spear  Conj/Erth      0%         10d2      100%        8


Dungeon Overview and Level Annotations

Branches:
Dungeon (1/1)

Altars:
Ashenzari
Cheibriados
Dithmenos
Elyvilon
Fedhas
Gozag
Hepliaklqana
Kikubaaqudgha
Makhleb
Nemelex Xobeh
Okawaru
Qazlal
Ru
Sif Muna
Trog
Uskayaw
Vehumet
Wu Jian
Xom
Yredelemnul
Zin
The Shining One
Beogh
Jiyva
Lugonu

Annotations:
D 1 transporter


Innate Abilities, Weirdness & Mutations

You have hoof-like feet.
You regenerate a little health from kills.
A meltable shield of frost defends you. (SH +4)


Message History

You feel yourself moving faster!
You feel mighty!
You slice the frost giant!!
You kill the frost giant!
Qazlal accepts your kill.
You barely miss the wendigo.
The tormentor calls on the powers of darkness!
Your body is wracked with pain!
Unknown command.
You hit the wendigo. Your kick misses the wendigo.
The wendigo is severely wounded.
You block the wendigo's attack.
GONNNNG!
You block the wendigo's attack.
GONNNNG!
Unknown command.
You closely miss the wendigo. You kick the wendigo!
The wendigo is severely wounded.
You slash the tormentor!
Visions of slaying the tormentor flood into your mind.
The Ice Fiend is no longer encased in ice.
You block the tormentor's attack.
GONNNNG!
You block the tormentor's attack.
GONNNNG!
The wendigo fires a burst of electricity at you.
The stunning burst hits you. You resist.
You suddenly lose the ability to move!
Visions of slaying the wendigo flood into your mind.
The wendigo is no longer encased in ice. x2
The tormentor calls on the powers of darkness!
Your body is wracked with pain!
* * * LOW HITPOINT WARNING * * *
The tormentor completely misses you.
The tormentor hits you but does no damage.
The wendigo claws you but does no damage.
The wendigo bites you.
* * * LOW HITPOINT WARNING * * *
The wendigo draws strength from your injuries!
The wendigo claws you!
* * * LOW HITPOINT WARNING * * *
The wendigo freezes you!!
You die...

▓▓▓▓▓▓▓▓▓▓▓▓▓▓▓▓▓▓▓
▓...8©8...▓...8©8...▓
▓..[="[}..▓..}|.}|..▓
▓..=![|=..▓...).....▓
▓...≈.°...▓.........▓
▓...).....▓.........▓
▓..○§1W°..▓.........▓
▓...R2R○..▓.........▓
▓....@.°..▓.▓.....▓.▓
▓.▓☼°...▓.▓....©....▓
▓....☼°...▓▓▓▓▓▓▓▓▓▓▓
▓▓▓▓▓▓▓▓▓▓▓


You could see an Ice Fiend, 2 wendigos, a freezing wraith and a tormentor.

Vanquished Creatures
  2 frost giants (D)
  A large abomination (D)
  A cane toad (D)
  A freezing wraith (D)
  A hellion (D)
  2 air elementals (D)
  3 spriggans (D)
  4 golden eyes (D)
  A basilisk (D)
  A floating eye (D)
  2 hell hounds (D)
  2 black bears (D)
  4 wolves (D)
  2 small abominations (D)
  5 phantoms (D)
  A bullfrog (D)
  3 quasits (D)
  2 jellies (D)
  An iguana (D)
  An adder simulacrum (D)
  2 bat skeletons (D)
  4 endoplasms (D)
  2 ball python skeletons (D)
  A giant cockroach zombie (D)
  A jackal zombie (D)
  A quokka zombie (D)
51 creatures vanquished.

Vanquished Creatures (collateral kills)
  A cane toad (D)
  A komodo dragon (D)
  A hornet (D)
  2 air elementals (D)
  A floating eye (D)
  A jelly (D)
  An iguana (D)
  An ufetubus (D)
9 creatures vanquished.

Grand Total: 60 creatures vanquished

Notes
Turn   | Place    | Note
-------+----------+-------------------------------------------
     0 | D        | Garessta the Demonspawn Fighter began the quest for the
                  | Orb.
     0 | D        | Reached XP level 1. HP: 18/18 MP: 1/1
     0 | D        | Found a shimmering blue altar of Sif Muna.
     0 | D        | Found a sacrificial altar of Ru.
     0 | D        | Found a bloodstained altar of Trog.
     0 | D        | Found a stormy altar of Qazlal.
     0 | D        | Found an iron altar of Okawaru.
     0 | D        | Found a sparkling altar of Nemelex Xobeh.
     0 | D        | Found a blossoming altar of Fedhas.
     0 | D        | Found the +6 Majin-Bo {vamp, MP+6 Int+6}
     0 | D        | Found the +9 heavy crossbow "Sniper" {vorpal, Acc+∞ SInv}
     0 | D        | Found the +10 dark maul {vorpal}
     0 | D        | Found the +15 Maxwell's patent armour {-Cast -Tele rElec
                  | Will+ rCorr}
     0 | D        | Found the +18 shield of the Gong {rElec rN+ Will+ EV-5}
     0 | D        | Found the +14 obsidian axe {vorpal, Mesm Drain Fly SInv}
     0 | D        | Found the +7 great mace "Firestarter" {inner flame, rF++}
     0 | D        | Found the +6 shillelagh "Devastator" {shatter}
     0 | D        | Found the +11 plutonium sword {Contam Stlth-}
     0 | D        | Found the +8 lance "Wyrmbane" {slay drac, rPois rF+ rC+
                  | AC+3}
     0 | D        | Found the +9 sword of Zonguldrok {reap}
     0 | D        | Found the +13 scythe of Curses {drain, Drain}
     0 | D        | Found the +5 sword of Power {vorpal}
     0 | D        | Found the +7 mace of Variability {chain chaos}
     0 | D        | Found the +7 Singing Sword {vorpal, sonic wave}
     0 | D        | Found the +8 storm bow {elec, penet}
     2 | D        | Found a transporter.
     2 | D        | Found an ancient bone altar of Kikubaaqudgha.
     2 | D        | Found a viscous altar of Jiyva.
     2 | D        | Found a corrupted altar of Lugonu.
     2 | D        | Found a hazy altar of Hepliaklqana.
     2 | D        | Found a burning altar of Makhleb.
     2 | D        | Found an opulent altar of Gozag.
    12 | D        | Banished a spatial maelstrom
    53 | D        | Became a worshipper of Qazlal Stormbringer
    57 | D        | Reached skill level 4 in Fighting
    57 | D        | Reached skill level 5 in Invocations
    57 | D        | Gained mutation: You regenerate a little health from kills.
                  | [demonic ancestry]
    57 | D        | Reached XP level 2. HP: 25/25 MP: 1/5
   130 | D        | Entered arena 2.
   130 | D        | Found a transporter.
   142 | D        | Entered arena 3.
   142 | D        | Noticed a wolf
   142 | D        | Noticed a wolf
   142 | D        | Found a transporter.
   147 | D        | Reached * piety under Qazlal
   148 | D        | Reached XP level 3. HP: 29/31 MP: 6/6
   149 | D        | Killed a wolf
   149 | D        | Killed a wolf
   150 | D        | Reached skill level 6 in Fighting
   150 | D        | Reached skill level 5 in Axes
   150 | D        | Reached skill level 5 in Armour
   150 | D        | Reached skill level 5 in Shields
   150 | D        | Gained mutation: You have large cloven feet. [demonic
                  | ancestry]
   150 | D        | Reached XP level 4. HP: 40/40 MP: 7/7
   150 | D        | Gained mutation: A meltable shield of frost defends you.
                  | (SH +4) [demonic ancestry]
   150 | D        | Reached XP level 5. HP: 46/46 MP: 8/8
   162 | D        | Entered arena 4.
   162 | D        | Noticed an air elemental
   162 | D        | Noticed an air elemental
   162 | D        | Noticed an air elemental
   162 | D        | Noticed an air elemental
   162 | D        | Found a transporter.
   162 | D        | Paralysed by an air elemental for 1 turns
   164 | D        | Paralysed by an air elemental for 1 turns
   165 | D        | Killed an air elemental
   165 | D        | Reached ** piety under Qazlal
   166 | D        | Reached skill level 7 in Fighting
   166 | D        | Reached XP level 6. HP: 11/55 MP: 9/9
   166 | D        | Killed an air elemental
   167 | D        | Reached XP level 7. HP: 31/61 MP: 10/10
   168 | D        | Killed an air elemental
   168 | D        | Paralysed by an air elemental for 1 turns
   168 | D        | Killed an air elemental
   169 | D        | Reached skill level 8 in Fighting
   276 | D        | Entered arena 5.
   276 | D        | Found a transporter.
   278 | D        | Reached *** piety under Qazlal
   286 | D        | Got Kunuixaiq's Collected Works on Translocation and the
                  | Arsonist
   292 | D        | Entered arena 6.
   292 | D        | Found the +7 lajatang of Order {silver, rMut}
   292 | D        | Found a transporter.
   294 | D        | Reached **** piety under Qazlal
   297 | D        | Reached skill level 9 in Fighting
   297 | D        | Reached XP level 8. HP: 71/71 MP: 11/11
   312 | D        | Entered arena 7.
   312 | D        | Noticed a large abomination
   313 | D        | Found a transporter.
   315 | D        | Reached ***** piety under Qazlal
   316 | D        | Killed a large abomination
   317 | D        | Reached skill level 10 in Fighting
   332 | D        | Got the Handbook of Ignition and Earth
   336 | D        | Got the +9 hand axe "Meruppu Geto" {speed, rCorr}
   339 | D        | Entered arena 8.
   339 | D        | Noticed a komodo dragon
   339 | D        | Noticed a cane toad
   339 | D        | Noticed a cane toad
   340 | D        | Found a transporter.
   342 | D        | Killed a cane toad
   343 | D        | Reached XP level 9. HP: 79/79 MP: 12/12
   343 | D        | Killed a cane toad
   344 | D        | Reached skill level 10 in Axes
   344 | D        | Reached ****** piety under Qazlal
   345 | D        | Reached skill level 11 in Fighting
   347 | D        | Killed a komodo dragon
   348 | D        | Reached skill level 10 in Armour
   348 | D        | Reached skill level 10 in Shields
   351 | D        | Got the amulet of the Furies {Acrobat Dex+8}
   369 | D        | Entered arena 9.
   369 | D        | Noticed a spriggan rider
   370 | D        | Found a transporter.
   372 | D        | Noticed a hellwing
   373 | D        | Noticed a smoke demon
   402 | D        | Got the ring "Votheosa" {rPois rN+ Int-3 Stlth+}
   411 | D        | Entered arena 10.
   411 | D        | Found the +2 hat of the Bear Spirit {Spirit, *Rage Will++}
   412 | D        | Found a transporter.
   416 | D        | Gained mutation: You have hoof-like feet. [demonic
                  | ancestry]
   416 | D        | Reached XP level 10. HP: 89/89 MP: 14/16
   432 | D        | Got the +3 ring mail "Ogynisk" {Dex+4}
   444 | D        | Entered arena 11.
   445 | D        | Found a transporter.
   446 | D        | Paralysed by a floating eye for 4 turns
   449 | D        | Reached skill level 12 in Fighting
   451 | D        | Reached skill level 10 in Invocations
   456 | D        | Got the Tome of the Rocks and Evil Arts
   478 | D        | Got the +1 leather armour "Minex" {Str+4 Slay+3}
   480 | D        | Entered arena 12.
   480 | D        | Noticed a frost giant
   480 | D        | Noticed a wendigo
   480 | D        | Noticed an Ice Fiend
   480 | D        | Noticed a frost giant
   480 | D        | Noticed a wendigo
   482 | D        | Found a transporter.
   483 | D        | Killed a frost giant
   484 | D        | Killed a frost giant
   486 | D        | Paralysed by a wendigo for 1 turns
   487 | D        | Slain by a wendigo

Illustrated notes

Levels and vault maps discovered:
D:        sprint_v [room_start, room_1, room_2, room_3, room_4, room_5, room_6,
          room_7, room_8, room_9, room_10, room_11, room_12, room_13, room_14,
          room_15, room_16, room_17, room_18, room_19, room_20, room_21,
          room_22, room_23, room_24, room_25, room_26, room_27]

Skill      XL: |  1  2  3  4  5  6  7  8  9 10 |
---------------+-------------------------------+-----
Fighting       | 4 6 7 9 10 11 12 | 12.5
Axes           | 3 4 5 6 7 8 9 11 | 11.7
Slings         | 2 |  2.2
Throwing       | 2 |  2.2
Invocations    | 5 8 11 | 11.8
Armour         | 3 5 6 7 9 10 11 | 11.3
Shields        | 3 5 6 7 9 10 11 | 11.3

Action                   |  1- 3 |  4- 6 |  7- 9 | 10-12 || total
-------------------------+-------+-------+-------+-------++-------
Melee: Broad axe         |     6 |     2 |    35 |     9 ||    52
       Kick              |       |     1 |    13 |     2 ||    16
Invok: Disaster Area     |       |       |       |     1 ||     1
  Use: Potion            |     1 |     1 |       |       ||     2
Armor: Plate armour      |     9 |    12 |    33 |     7 ||    61
Dodge: Dodged            |     2 |     1 |     4 |     2 ||     9
Block: Kite shield       |    14 |    13 |    73 |     8 ||   108

Table legend: (Time is in decaauts)
 A = Elapsed time spent in this place.
 B = Non-inter-level travel time spent in this place.
 C = Inter-level travel time spent in this place.
 D = Time resting spent in this place.
 E = Time spent auto-exploring this place.
 F = Levels seen in this place.
 G = Mean time per level.
                   A        B        C        D        E       F      G
               +--------+--------+--------+--------+--------+-----+--------+
         Total |    499 |    499 |      0 |     96 |     33 |   1 |  499.0 |
       Dungeon |    499 |    499 |      0 |     96 |     33 |   1 |  499.0 |
               +--------+--------+--------+--------+--------+-----+--------+

Top non-repeatable levels by time:
       D: 499 daAuts
